 Dungeon Crawl Stone Soup version 0.18-b1-10-g3f7de93 (webtiles) character file.

14 Nisnini the Caller (level 2, -3/19 HPs)
             Began as a Merfolk Summoner on Apr 29, 2016.
             Slain by a worm (5 damage)
             ... on level 2 of the Dungeon.
             The game lasted 00:06:26 (520 turns).

Nisnini the Caller (Merfolk Summoner)                Turns: 520, Time: 00:06:27

Health: -3/19      AC:  2    Str:  8    XL:     2   Next: 41%
Magic:  2/5        EV: 13    Int: 14    God:
Gold:   38         SH:  0    Dex: 14    Spells: 2 memorised, 2 levels left

rFire  . . .     SeeInvis .     p - -1 long sword (curse)
rCold  . . .     Gourm    .     a - +0 robe
rNeg   . . .     Faith    .     (no shield)
rPois  .         Spirit   .     (no helmet)
rElec  .         Dismiss  .     (no cloak)
rCorr  .         Reflect  .     (no gloves)
SustAt .         Harm     .     (no boots)
MR     .....                    (no amulet)
Stlth  ++........               (no ring)
                                d - ring of flight

@: not resistant to hostile enchantments, unstealthy
A: change form in water, swift swim
a: Evoke Flight


You were on level 2 of the Dungeon.
You were not hungry.

You visited 1 branch of the dungeon, and saw 2 of its levels.

You collected 38 gold pieces.

Inventory:

Hand Weapons
 n - a +0 mace
 p - a cursed -1 long sword (weapon)
Missiles
 i - 19 arrows
Armour
 a - a +0 robe (worn)
Jewellery
 d - a ring of flight (left hand)
Scrolls
 j - a scroll of magic mapping {unknown}
 m - a scroll of remove curse {unknown}
 o - 3 scrolls of identify {unknown}
Potions
 e - a potion of agility {unknown}
 f - 2 potions of mutation {unknown}
 g - a potion of lignification {unknown}
 k - 2 potions of might {unknown}
 l - a potion of berserk rage {unknown}
Books
 b - a book of Callings

   Spells                             Type                      Level
   a - Summon Small Mammal            Summoning                    1
   b - Call Imp                       Summoning                    2
   c - Call Canine Familiar           Summoning                    3
   d - Summon Guardian Golem          Hexes/Summoning              3
   e - Summon Lightning Spire         Summoning/Air                4
   f - Summon Ice Beast               Ice/Summoning                4
Comestibles
 c - a bread ration


   Skills:
 + Level 2.9 Dodging
 + Level 2.3 Stealth
 + Level 2.1 Spellcasting
 + Level 4.3 Summonings


You had 2 spell levels left.
You knew the following spells:

 Your Spells              Type           Power        Failure   Level  Hunger
a - Summon Small Mammal   Summ           ##..         4%          1    ##.....
b - Call Imp              Summ           ##......     10%         2    ###....


Dungeon Overview and Level Annotations

Branches:
Dungeon (2/15)

Altars:
Dithmenos


Message History

Drink which item? (? for menu, Esc to quit)
Okay, then.
Casting: Summon Small Mammal
Confirm with . or Enter, or press ? or * to list all spells.
The bat hits you but does no damage. The giant cockroach misses you.
Casting: Summon Small Mammal
Confirm with . or Enter, or press ? or * to list all spells.
Your bat hits the giant cockroach but does no damage.
The giant cockroach closely misses you. The bat closely misses you.
The worm bites you!
* * * LOW HITPOINT WARNING * * *
Casting: Summon Small Mammal
Confirm with . or Enter, or press ? or * to list all spells.
The bat hits you but does no damage.
The bat hits your bat but does no damage.
Your bat hits the bat. The giant cockroach closely misses you.
The bat misses your rat.
Your bat hits the bat but does no damage.
The giant cockroach barely misses you. The worm bites you.
You die...

### ... ##.## #
##...##
#.##.....##
#.#.....r.###
#.....rb@s..#
.#.....bw#.....
##.....## ...
##...## . ##.##
... #... # #†#
.... .... #. #
#.# .... #...
.#..#.#.# .....
#...
......#.##.....
#...


You could see a worm, a giant cockroach, a bat, a friendly quokka, a friendly
bat and a friendly rat.

Vanquished Creatures
  A giant gecko (D:2)
  A goblin (D:1)
  A quokka (D:2)
  2 bats (D:2)
  2 rats
7 creatures vanquished.

Vanquished Creatures (collateral kills)
  An ooze (D:1)
  A bat (D:1)
  2 giant newts (D:1)
  A rat (D:1)
5 creatures vanquished.

Grand Total: 12 creatures vanquished

Notes
Turn   | Place    | Note
--------------------------------------------------------------
     0 | D:1      | Nisnini the Merfolk Summoner began the quest for the Orb.
     0 | D:1      | Reached XP level 1. HP: 13/13 MP: 3/3
   194 | D:1      | Reached XP level 2. HP: 11/19 MP: 1/5
   384 | D:2      | Learned a level 2 spell: Call Imp
   497 | D:2      | Found a shadowy altar of Dithmenos.
   520 | D:2      | Slain by a worm

Action                   || total
-------------------------++-------
Melee: Unarmed           ||     7
       Long sword        ||    15
 Cast: Summon Small Mamm ||    19
  Use: Potion            ||     3
 Stab: Sleeping          ||     2
Armor: Robe              ||     8
Dodge: Dodged            ||    26
